[Event "Late-Titled-Tuesday-Blitz-May-07-2024"]
[Site "Chess.com"]
[Date "2024.05.07"]
[Round "3"]
[White "Durarbayli"]
[Black "FelixBlohberger"]
[Result "1/2-1/2"]
[WhiteElo "2947"]
[BlackElo "2743"]
[TimeControl "180+1"]
[EndTime "14:28:53 PDT"]
[Termination "Game drawn by repetition"]

1. e4 e5 2. Nf3 Nc6 3. d4 exd4 4. Nxd4 Nf6 5. Nxc6 bxc6 6. e5 Nd5 7. c4 Nb6 8.
Be3 Be7 9. Nc3 O-O 10. c5 Nd5 11. Nxd5 cxd5 12. Qxd5 Rb8 13. Bd3 Rxb2 14. Qe4 g6 15. Qd4 Rb8 16. O-O Bb7 17. Rad1 Re8 18. Bc4 Bc6 19. Bh6 Bf8 20. Bxf8 Rxf8 21. f4 Qh4 22. Rd3 Bb5 23. Rh3 Qe7 24. Rd1 Bxc4 25. Qxc4 Rb2 26. a3 Rfb8 27. Qd5 Rc2 28. Rhd3 Rbb2 29. R3d2 Rxd2 30. Rxd2 Rxd2 31. Qxd2 Qxc5+ 32. Kf1 Qxa3 33. Qxd7 Qc1+ 34. Ke2 Qxf4 35. Qxc7 Qe4+ 36. Kf2 Qd4+ 37. Kf3 Kg7 38. Qe7 Qd3+ 39. Kf2 Qf5+ 40. Ke3 a5 41. g4 Qe6 42. Qc5 a4 43. Kf4 a3 44. Qxa3 Qc4+ 45. Kg3 Qe4 46. Qc3 Kg8 47. h3 h6 48. Qc8+ Kg7 49. Qc7 Qe3+ 50. Kg2 Qe2+ 51. Kg3 Qe3+ 52. Kg2 Qe2+ 53. Kg3 Qe3+ 1/2-1/2

[Event "Late-Titled-Tuesday-Blitz-May-07-2024"]
[Site "Chess.com"]
[Date "2024.05.07"]
[Round "3"]
[White "Chessdude1987"]
[Black "Mikhail_Golubev"]
[Result "0-1"]
[WhiteElo "2397"]
[BlackElo "2609"]
[TimeControl "180+1"]
[EndTime "14:28:53 PDT"]
[Termination "Mikhail_Golubev won on time"]

1. e4 c5 2. Nf3 Nc6 3. Bb5 d6 4. O-O Bd7 5. Re1 Nf6 6. Nc3 e6 7. Bxc6 Bxc6 8. d4 cxd4 9. Nxd4 Be7 10. Nxc6 bxc6 11. Na4 O-O 12. c4 d5 13. cxd5 cxd5 14. exd5 Nxd5 15. b3 Bf6 16. Bb2 Bxb2 17. Nxb2 Qf6 18.
Nc4 a5 19. Qe2 a4 20. bxa4 Rxa4 21. Ne5 Rfa8 22. g3 h6 23. Qd2 Qf5 24. Re2 h5 25. h4 f6 26. Nd3 Rd4 27. Rd1 Ra3 28. Qb2 Raxd3 29. Qxd4 Rxd4 30. Rxd4 Kh7 31. Rde4 Nc3 32. Rxe6 Nxe2+ 33. Rxe2 Qb1+ 34. Kg2 Qb7+ 35. Kh2 Qd5 36. Rb2 Kg6 37. Rc2 Qf3 38. Rb2 Qd3 39. a4 Qa3 40.
Rd2 Qxa4 41. Re2 Qc4 42. Re3 Qc5 43. Kg2 Kh7 44. Kg1 g5 45. Kg2 gxh4 46. gxh4 Kh6 47. Kg3 Qf5 48. Rf3 Qg4+ 0-1

[Event "Late-Titled-Tuesday-Blitz-May-07-2024"]
[Site "Chess.com"]
[Date "2024.05.07"]
[Round "3"]
[White "TheSilmarils"]
[Black "MrKGG1"]
[Result "0-1"]
[WhiteElo "2877"]
[BlackElo "2716"]
[TimeControl "180+1"]
[EndTime "14:28:54 PDT"]
[Termination "MrKGG1 won by resignation"]

1. Nf3 Nf6 2. c4 g6 3. Nc3 Bg7 4. e4 O-O 5. d4 d6 6. h3 b6 7. Bd3 Bb7 8. O-O Nbd7 9. Be3 e5 10.
d5 a5 11. Nd2 Nh5 12. g3 Nc5 13. Be2 Nf6 14. a3 Bc8 15. Kh2 Qd7 16. g4 a4 17.
f3 Ne8 18. b4 axb3 19. Nxb3 f5 20. Nxc5 dxc5 21. a4 Nd6 22. Kg2 h5 23. a5 Kh7 24.
axb6 Rxa1 25. Qxa1 cxb6 26. Qa4 Qc7 27. Qc6 Qd8 28. Nb5 Nxb5 29. cxb5 Bd7 30. Qb7 Rf7 31. d6 Be8 32. Qd5 Rd7 33. Rd1 Bf8 34. Qxe5 Bxd6 35. Rxd6 Rxd6 36. exf5 Rd7 37. Qf4 Qf6 38. Bc4 Re7 39.
Kf2 gxf5 40. gxh5 Rg7 41. h6 Re7 42. h4 Bf7 43. Bxf7 Qxf7 44. Qg5 Qe6 45. Bf4 Qe2+ 46. Kg3 Qe1+ 47. Kh3 Qh1+ 48. Bh2 Qxf3+ 49. Bg3 Qh1+ 50. Bh2 Qf3+ 51. Bg3 Qf1+ 52. Kh2 Re2+ 0-1

[Event "Late-Titled-Tuesday-Blitz-May-07-2024"]
[Site "Chess.com"]
[Date "2024.05.07"]
[Round "3"]
[White "MFatigue"]
[Black "NMJeevanK"]
[Result "0-1"]
[WhiteElo "2509"]
[BlackElo "2767"]
[TimeControl "180+1"]
[EndTime "14:28:55 PDT"]
[Termination "NMJeevanK won by resignation"]

1. e4 e5 2. Nf3 Nc6 3. d4 exd4 4. Bc4 d6 5. Nxd4 Nf6 6. Nxc6 bxc6 7. Nc3 Be7 8. O-O O-O 9. Re1 Rb8 10. Bb3 Be6 11. Qd3 Qc8 12. f4 d5 13. exd5 Bc5+ 14. Be3 Bxe3+ 15. Qxe3 cxd5 16. Qxa7 c5 17. f5 Bxf5 18.
Nxd5 Nxd5 19. Bxd5 Rxb2 20. c4 Bg6 21. Qe7 Rd2 22.
a4 Qa6 23. a5 h6 24. Qxc5 Rb8 25. Qc6 Qa7+ 26. c5 Rd8 27. Rad1 R8xd5 28. Qxd5 Rxd5 29. Rxd5 Qxa5 30. Rc1 Be4 31. Re5 Bc6 32. Re2 Qa3 33. Rec2 Qe3+ 34. Kh1 h5 35. Rc3 Qg5 36. Rg1 h4 37. h3 Qe5 38. Rc2 Qf5 39. Rc3 g5 40. Rgc1 Qf2 41. R1c2 Qf1+ 42. Kh2 Qf4+ 43. Kg1 f5 44.
Kh1 g4 45. hxg4 fxg4 46. Kg1 g3 47. Rc4 Qe3+ 48. Kf1 Bb5 49. c6 Bxc4+ 50. Rxc4 Qd3+ 0-1

[Event "Late-Titled-Tuesday-Blitz-May-07-2024"]
[Site "Chess.com"]
[Date "2024.05.07"]
[Round "3"]
[White "NovakRatko"]
[Black "LaStreetCmaMaison"]
[Result "0-1"]
[WhiteElo "2408"]
[BlackElo "2617"]
[TimeControl "180+1"]
[EndTime "14:28:55 PDT"]
[Termination "LaStreetCmaMaison won on time"]

1. d4 f5 2. c4 Nf6 3. Nc3 g6 4. f3 Bg7 5. e3 O-O 6. e4 fxe4 7. fxe4 c5 8. d5 d6 9. Be2 a6 10. a4 Qa5 11. Bd2 Qb6 12. Qc2 Ng4 13. a5 Qd8 14.
Nf3 Bd4 15. Rf1 e5 16. Na4 Nd7 17. Nxd4 Qh4+ 18. g3 Rxf1+ 19. Kxf1 Qxh2 20. Bxg4 exd4 21. Be6+ Kg7 22. Rc1 Ne5 23. Bf4 Qh1+ 24. Kf2 Qf3+ 25.
Kg1 Bxe6 26. dxe6 Rf8 27. Qg2 Rxf4 28. gxf4 Qe3+ 29. Kh2 Qxf4+ 30. Kg1 Qxc1+ 31. Qf1 Qe3+ 32. Qf2 Qxf2+ 33. Kxf2 Kf6 34. Ke2 Kxe6 35. Nb6 h5 36. Nd5 Nxc4 37. b3 Nxa5 38. Nf4+ Kf7 39. Kd3 Nxb3 40.
Kc4 Nd2+ 41. Kd5 a5 42. Kxd6 a4 43. Kxc5 a3 44. Nd3 a2 45. Kxd4 a1=Q+ 0-1

[Event "Late-Titled-Tuesday-Blitz-May-07-2024"]
[Site "Chess.com"]
[Date "2024.05.07"]
[Round "3"]
[White "Sacbutt"]
[Black "imdvb6307"]
[Result "1-0"]
[WhiteElo "2318"]
[BlackElo "2497"]
[TimeControl "180+1"]
[EndTime "14:28:55 PDT"]
[Termination "Sacbutt won on time"]

1. d4 d5 2. c4 c6 3. Nf3 Nf6 4. Nc3 e6 5. e3 Nbd7 6. Bd3 Bd6 7. O-O O-O 8. Qc2 dxc4 9. Bxc4 e5 10. Rd1 Qe7 11. e4 exd4 12. Nxd4 Nb6 13. Be2 Ng4 14. Bxg4 Bxg4 15. f3 Bd7 16. Be3 Rad8 17.
Nce2 f5 18. Nxf5 Bxf5 19. Bxb6 Bxe4 20. Qb3+ Bd5 21. Rxd5 cxd5 22. Bxd8 Rxd8 23. Qxd5+ Kh8 24. Qe4 Bc5+ 25. Kf1 Qc7 26. g3 h6 27. Rc1 Qb6 28.
Rc2 Rf8 29. Kg2 Bd6 30. b3 Qb5 31. Qc4 Qxc4 32. Rxc4 Re8 33. Re4 Rc8 34. Nd4 Rc1 35. Nb5 Bc5 36. Re2 Rg1+ 37. Kh3 a6 38. Nc3 Rc1 39. Ne4 Be7 40. g4 Rf1 41. Kg2 Ra1 42.
Ng3 Bf6 43. Nf5 h5 44. gxh5 a5 45.
h6 g6 46. Ng3 Kh7 47. Ne4 Bh4 48. Nc5 b6 49. Nd7 Kxh6 50. Nxb6 1-0

[Event "Late-Titled-Tuesday-Blitz-May-07-2024"]
[Site "Chess.com"]
[Date "2024.05.07"]
[Round "3"]
[White "Franmu14"]
[Black "BilodeauA"]
[Result "1-0"]
[WhiteElo "2732"]
[BlackElo "2898"]
[TimeControl "180+1"]
[EndTime "14:28:57 PDT"]
[Termination "Franmu14 won by resignation"]

1. e4 c5 2. Nc3 Nc6 3. Bb5 Nd4 4. Bd3 g6 5. Nf3 Nc6 6. b3 Bg7 7. Bb2 e6 8. Qe2 d6 9. O-O-O Nge7 10. Kb1 a6 11. h4 h6 12. Qe3 b5 13. g4 Bb7 14. Bf1 Nd4 15. Ne2 e5 16. Ng3 Qb6 17. c3 Ne6 18. Bh3 O-O-O 19. g5 h5 20. d4 cxd4 21.
cxd4 Kb8 22. dxe5 Qxe3 23. fxe3 d5 24. Bxe6 fxe6 25. Nd4 Bc8 26. Ba3 Bxe5 27. Bxe7 Bxg3 28. Bxd8 Rxd8 29. Nc6+ Kc7 30. Nxd8 Kxd8 31. exd5 exd5 32.
Rxd5+ Ke7 33. Rd4 Bb7 34. Rc1 Be5 35. Kc2 Ke6 36. Kd3 Bg3 37. Rc5 Ke7 38. a4 bxa4 39.
bxa4 Ke6 40. Rb4 Bg2 41. Rb6+ Kf7 42. Rb4 Bd6 43. Rcc4 Ke6 44. Ke2 Kf5 45. Rd4 Bg3 46. Rf4+ Ke5 47. Rfd4 Kf5 48. Rbc4 Bb7 49. Rc5+ Ke6 50. e4 Bh2 51. Rb4 Ba8 52. Rb6+ Kd7 53. Rb4 Bxe4 54. Rxe4 1-0

[Event "Late-Titled-Tuesday-Blitz-May-07-2024"]
[Site "Chess.com"]
[Date "2024.05.07"]
[Round "3"]
[White "Indefatigable11"]
[Black "koziororo"]
[Result "1-0"]
[WhiteElo "2400"]
[BlackElo "2588"]
[TimeControl "180+1"]
[EndTime "14:28:57 PDT"]
[Termination "Indefatigable11 won by resignation"]

1. d4 Nf6 2. c4 e5 3. dxe5 Ng4 4.
Nf3 Bc5 5. e3 Nc6 6. Nc3 Ngxe5 7. Be2 O-O 8. O-O a5 9. b3 Re8 10. Bb2 Nxf3+ 11. Bxf3 Ne5 12. Be2 Ra6 13. Nd5 Rh6 14. f4 c6 15. Bxe5 cxd5 16. Rf3 d6 17. Bd4 Bg4 18. Rf2 Bxe2 19. Rxe2 dxc4 20. bxc4 Re4 21.
Bxc5 Rxc4 22. Bd4 d5 23. Rc1 b5 24. Rec2 Rhc6 25. Rxc4 Rxc4 26. Rxc4 dxc4 27. Qg4 Qf8 28. Qf5 Qe8 29. Qg5 f6 30. Qd5+ Kh8 31. Kf2 h6 32. g4 Qg6 33. h3 Qc2+ 34. Kg3 c3 35. g5 hxg5 36. fxg5 b4 37. gxf6 Qg6+ 38. Kf3 gxf6 39. Qd8+ Kg7 40. Qe7+ Kg8 41. Qxf6 Qg1 42. Qh8+ Kf7 43.
Qh7+ Ke6 44. Qe4+ Kf7 45. Qf5+ Ke8 46. Qe6+ Kf8 47. Bc5+ Kg7 48. Bd4+ Kf8 49. Qf6+ Kg8 50. Qd8+ Kf7 51. Qxa5 Qf1+ 52. Ke4 Qb1+ 53. Ke5 Qf5+ 54. Kxf5 1-0

[Event "Late-Titled-Tuesday-Blitz-May-07-2024"]
[Site "Chess.com"]
[Date "2024.05.07"]
[Round "3"]
[White "MusicCityMaster"]
[Black "th3d4rkness"]
[Result "1-0"]
[WhiteElo "2444"]
[BlackElo "2215"]
[TimeControl "180+1"]
[EndTime "14:28:57 PDT"]
[Termination "MusicCityMaster won by resignation"]

1. e4 c5 2. Nf3 Nc6 3. d3 g6 4. g3 Bg7 5. Bg2 d6 6. O-O Bg4 7. Nbd2 Qd7 8. c3 Bh3 9. Qe2 Bxg2 10. Kxg2 Nf6 11. d4 cxd4 12. cxd4 O-O 13. d5 Nb8 14. Nc4 b5 15. Na5 Ng4 16. Rb1 Qc7 17. Bd2 Nd7 18.
Rfc1 Qb6 19. Rc6 Qd8 20. b4 Nde5 21. Nxe5 Nxe5 22. Rc2 f5 23. Nc6 Qe8 24. f4 Nc4 25.
e5 dxe5 26. fxe5 Kh8 27. Bf4 Qd7 28. Rd1 Rac8 29. Rxc4 bxc4 30. Qxc4 e6 31. b5 exd5 32. Rxd5 Qe6 33. a4 g5 34. Bxg5 Bxe5 35. Qd3 Bg7 36.
Nxa7 Rce8 37. Nc6 Qe2+ 38. Qxe2 Rxe2+ 39. Kh3 h6 40. Bf4 Ra8 41. a5 Rb2 42. a6 Kh7 43.
Rd7 Kg6 44. Rxg7+ Kxg7 45. Be5+ Kf7 46. Bxb2 Ke6 47. a7 Kd5 48. Bd4 Kd6 49. Be3 Kc7 50. Ne5 Kb7 51. b6 Re8 52. Nc4 Re4 53. Nd6+ Ka8 54.
Nxe4 fxe4 55. Kg4 h5+ 56. Kxh5 Kb7 57. Kg4 Ka8 58. Kf5 Kb7 59. Kxe4 Ka8 60. h4 1-0

[Event "Late-Titled-Tuesday-Blitz-May-07-2024"]
[Site "Chess.com"]
[Date "2024.05.07"]
[Round "3"]
[White "honestgames"]
[Black "BogdanDeac"]
[Result "0-1"]
[WhiteElo "2825"]
[BlackElo "3125"]
[TimeControl "180+1"]
[EndTime "14:28:59 PDT"]
[Termination "BogdanDeac won by resignation"]

1. d4 Nf6 2. c4 g6 3. Nc3 Bg7 4.
e4 d6 5. Be2 Nc6 6. d5 Ne5 7.
h3 O-O 8. Nf3 Nxf3+ 9. Bxf3 e6 10.
O-O Re8 11. Be3 Nd7 12. Qd2 a5 13. Rae1 exd5 14. cxd5 Nc5 15. Bd4 Bd7 16. Bd1 b5 17. Bxg7 Kxg7 18. f3 b4 19. Nb1 Qh4 20. Bc2 Re7 21.
Qd4+ Kg8 22. Nd2 Qf4 23. Nb3 Nxb3 24. axb3 Bxh3 25. Rf2 Bd7 26. Qc4 Rc8 27. Ra1 c6 28. dxc6 Rxc6 29. Qd4 Qe5 30. Qxe5 Rxe5 31. Rd2 Be6 32.
Bd1 Rec5 33. Kf2 h5 34. Ke3 h4 35. Kd4 Kf8 36. Rb1 g5 37. Ra1 Ke7 38. Ke3 Kf6 39.
Rd3 Ke5 40. Rb1 Rc1 41. Rxc1 Rxc1 42. Kd2 Rc5 43. Be2 f5 44. exf5 Bxf5 45. Re3+ Kf4 46. Re7 Rc2+ 47. Ke1 Rxb2 48. Kf2 Bd3 49. Kg1 Rxe2 0-1

[Event "Late-Titled-Tuesday-Blitz-May-07-2024"]
[Site "Chess.com"]
[Date "2024.05.07"]
[Round "3"]
[White "GoltsevDmitry2000"]
[Black "ChristopherYoo"]
[Result "0-1"]
[WhiteElo "2754"]
[BlackElo "2998"]
[TimeControl "180+1"]
[EndTime "14:28:59 PDT"]
[Termination "ChristopherYoo won by resignation"]

1. e4 e5 2. Nf3 Nc6 3. Bb5 a6 4.
Ba4 Nge7 5. O-O Ng6 6. c3 d5 7. d4 Bg4 8. h3 dxe4 9. hxg4 exf3 10. Qxf3 Bd6 11. Bxc6+ bxc6 12. Qxc6+ Kf8 13. Bg5 Qe8 14. Qxe8+ Rxe8 15. d5 h5 16. gxh5 Rxh5 17. Be3 f5 18. b4 Kg8 19. Nd2 e4 20. f4 exf3 21. Rxf3 Ne5 22.
Rh3 Rxh3 23. gxh3 Nd3 24. Bd4 Nf4 25. Nf3 Nxh3+ 26. Kg2 Nf4+ 27. Kf1 Nxd5 28. Ng5 Bf4 29. Nh3 Be3 30. Re1 Kf7 31. c4 Bxd4 32. Ng5+ Kg6 33. Rxe8 Ne3+ 34. Rxe3 Bxe3 35. Ne6 c6 36. a4 Bd2 37. b5 axb5 38. axb5 cxb5 39. cxb5 Be3 40. Nf8+ Kf7 41. Nd7 Ke6 42. Nb8 g5 43. Nc6 f4 44.
Ke2 g4 45. Nb4 Ke5 46. Nd3+ Ke4 47. Ne1 f3+ 48. Kf1 g3 49. Ng2 fxg2+ 50. Kxg2 Kf4 51. Kh3 Kf3 52. Kh4 g2 0-1

[Event "Late-Titled-Tuesday-Blitz-May-07-2024"]
[Site "Chess.com"]
[Date "2024.05.07"]
[Round "3"]
[White "ansko1999"]
[Black "czasnaszachy"]
[Result "1-0"]
[WhiteElo "2664"]
[BlackElo "2453"]
[TimeControl "180+1"]
[EndTime "14:28:59 PDT"]
[Termination "ansko1999 won on time"]

1. Nc3 c5 2. e4 a6 3. g3 b5 4. Bg2 Bb7 5. d3 e6 6. Nh3 b4 7. Ne2 d5 8. O-O Nf6 9. e5 Nfd7 10. f4 Nc6 11. f5 Ndxe5 12. fxe6 fxe6 13. Ng5 Qd7 14. Nf4 O-O-O 15. Ngxe6 Kb8 16. Nxd8 Nxd8 17. d4 Ng4 18. Bh3 Bc8 19. Bxg4 Qxg4 20. Qxg4 Bxg4 21. Nxd5 cxd4 22. Bf4+ Kb7 23. c4 Bc5 24. Rae1 d3+ 25. Be3 d2 26. Bxc5 dxe1=Q 27. Rxe1 Nc6 28. Nxb4 Nxb4 29. Re7+ Kc6 30. Bxb4 Rd8 31. Rxg7 Rd1+ 32.
Kf2 h5 33. Rg6+ Kb7 34. Rg7+ Kc6 35. Bc3 Rh1 36. h4 Ra1 37. a3 Rh1 38. Ke3 Rg1 39. Kf4 Rf1+ 40. Kg5 Rf5+ 41. Kh6 Kc5 42. Rc7+ Kb6 43. Rg7 Rf3 44. Be5 Kc5 45. Rc7+ Kb6 46. c5+ Kb5 47. Rb7+ Kc6 48. Rc7+ Kd5 49. Bd6 1-0

[Event "Late-Titled-Tuesday-Blitz-May-07-2024"]
[Site "Chess.com"]
[Date "2024.05.07"]
[Round "3"]
[White "banane_verte"]
[Black "carlsenCamacho"]
[Result "0-1"]
[WhiteElo "2552"]
[BlackElo "2314"]
[TimeControl "180+1"]
[EndTime "14:29:00 PDT"]
[Termination "carlsenCamacho won on time"]

1. d4 Nf6 2. c4 c6 3. Nf3 d5 4. e3 e6 5. Nbd2 Bd6 6. Bd3 Nbd7 7.
O-O Qe7 8. e4 dxc4 9. Nxc4 e5 10. Nxd6+ Qxd6 11. dxe5 Nxe5 12. Nxe5 Qxe5 13. h3 O-O 14. Qc2 Re8 15. Re1 h5 16. Be3 h4 17.
f3 Nh5 18. Bf2 Ng3 19. Rad1 Be6 20. b3 Rad8 21. Bc4 Rxd1 22. Rxd1 Qg5 23. Bxe6 Rxe6 24.
Qd2 Qh5 25. Qd8+ Kh7 26. Qc7 Nxe4 27. Bxa7 Rg6 28. Qf4 Nc3 29. Re1 Nd5 30. Qe5 Qxf3 31. Qe2 Qg3 32. Qh5+ Rh6 33. Qf5+ Qg6 34. Qxg6+ Rxg6 35. Re4 Rh6 36. a4 g5 37. Re8 Re6 38. Rxe6 fxe6 39.
Kf2 Kg6 40. Kf3 Kf5 41. Bf2 e5 42. g4+ hxg3 43. Bxg3 e4+ 44. Kf2 Nb4 45. Ke3 Nd3 46. h4 Nc5 47. h5 Nxb3 48. h6 Kg6 49. Kxe4 Nc5+ 50. Ke5 Nxa4 51. h7 Kxh7 52. Kd6 Kg6 53. Kc7 c5 54. Kxb7 c4 55. Be1 c3 56. Kc6 c2 57. Bd2 Nc3 58. Bc1 Ne2 59. Bd2 c1=Q+ 60. Bxc1 Nxc1 61. Kd5 Kf5 62. Kd4 Kf4 0-1

[Event "Late-Titled-Tuesday-Blitz-May-07-2024"]
[Site "Chess.com"]
[Date "2024.05.07"]
[Round "3"]
[White "Genghis_K"]
[Black "SRob2003"]
[Result "0-1"]
[WhiteElo "2943"]
[BlackElo "2680"]
[TimeControl "180+1"]
[EndTime "14:29:01 PDT"]
[Termination "SRob2003 won by checkmate"]

1. e4 c5 2. Nf3 Nc6 3. Bb5 g6 4. O-O Bg7 5. c3 Nf6 6. Re1 O-O 7. d4 d5 8. e5 Ne4 9. Bxc6 bxc6 10. Be3 Rb8 11. Qc1 cxd4 12. cxd4 f6 13. Nbd2 Bf5 14. exf6 exf6 15. Nxe4 dxe4 16. Nd2 Qd5 17. Qc2 Rfe8 18. b3 Bd7 19. Nc4 Rbc8 20. Bf4 Re6 21. Rad1 Be8 22.
Ne3 Qa5 23. d5 Re7 24. d6 Rd7 25. Nc4 Qf5 26. Qxe4 Qxe4 27. Rxe4 Bf7 28. Re7 Rcd8 29. Rxd7 Rxd7 30. Na5 Bd5 31. Rc1 g5 32. Bg3 f5 33. h4 f4 34. Bh2 h6 35. hxg5 hxg5 36. Nxc6 Rxd6 37. Nxa7 Ra6 38. Nc8 Be6 39. Ne7+ Kf7 40.
Nc6 Rxa2 41. Nd8+ Ke7 42. Nxe6 Kxe6 43. Rb1 Bd4 44. Kh1 Bxf2 45. b4 g4 46. b5 g3 47.
b6 Ra8 48. b7 Rh8 49. Re1+ Bxe1 50. b8=Q Rxb8 51. Bxg3 fxg3 52. Kg1 Rf8 53. Kh1 Rf1# 0-1

[Event "Late-Titled-Tuesday-Blitz-May-07-2024"]
[Site "Chess.com"]
[Date "2024.05.07"]
[Round "3"]
[White "MagnusCarlsen"]
[Black "bascheyaro"]
[Result "1-0"]
[WhiteElo "3210"]
[BlackElo "2835"]
[TimeControl "180+1"]
[EndTime "14:29:02 PDT"]
[Termination "MagnusCarlsen won on time"]

1. d4 d5 2. Bg5 c6 3. e3 Qb6 4. Qc1 Bf5 5. Nf3 h6 6. Bh4 Nd7 7. c4 Ngf6 8. Nc3 e6 9. c5 Qd8 10. b4 a6 11. Be2 Be7 12. O-O O-O 13. a4 Ne4 14. Nxe4 Bxe4 15. Bg3 Bxf3 16. Bxf3 Bf6 17.
Bg4 Re8 18. Qb2 b5 19. cxb6 Nxb6 20. Be2 Nd7 21. Rac1 Qb6 22. a5 Qb7 23. Qc3 Rec8 24. Bd6 Nf8 25. Rc2 Ng6 26. Rfc1 Be7 27. Bc5 Bxc5 28.
bxc5 Rcb8 29. Bd3 Qc7 30. Ra2 e5 31. Bxg6 exd4 32. Bxf7+ Qxf7 33. exd4 Rb5 34. Re2 Re8 35. Rxe8+ Qxe8 36. g3 Qe4 37. Re1 Rb1 38. Rxb1 Qxb1+ 39. Kg2 Qe4+ 40. Kf1 Qb1+ 41. Ke2 Kh8 42. h4 Qb5+ 43. Kf3 Qb1 44. Kg2 Qe4+ 45. Kh2 Qe2 46. Qe3 Qb5 47. Kg2 Kh7 48. Qc3 Qe2 49. Qf3 Qc2 50. g4 1-0

[Event "Late-Titled-Tuesday-Blitz-May-07-2024"]
[Site "Chess.com"]
[Date "2024.05.07"]
[Round "3"]
[White "Casablanca"]
[Black "picturesquecheck"]
[Result "1-0"]
[WhiteElo "2707"]
[BlackElo "2444"]
[TimeControl "180+1"]
[EndTime "14:29:02 PDT"]
[Termination "Casablanca won on time"]

1. d4 Nf6 2. Bg5 d5 3. Bxf6 exf6 4. c4 dxc4 5. e3 g6 6. Bxc4 Bd6 7. Nc3 O-O 8. Nf3 Nd7 9. O-O c6 10. a3 Qe7 11. Rc1 f5 12. Re1 Nf6 13. g3 Bd7 14.
Bf1 Rfe8 15. Nd2 h5 16. h4 Ne4 17. Bg2 Nxc3 18. Rxc3 f4 19. gxf4 Qxh4 20. Nf3 Qe7 21. Ne5 Bxe5 22. fxe5 Rad8 23. f4 Bg4 24. Qc2 Qe6 25.
b4 Bh3 26. Rf1 Qg4 27. Kh2 Bxg2 28. Qxg2 Qxg2+ 29. Kxg2 Kg7 30. Kf3 a5 31. b5 Rc8 32.
Rfc1 g5 33. bxc6 bxc6 34. Rxc6 Rb8 35. fxg5 Rb3 36. Rh1 Rh8 37. Rc7 Kg6 38. Kf4 Rxa3 39. Rc6+ Kg7 40. Ra6 Ra2 41. Rh3 Rf2+ 42. Rf3 Ra2 43.
d5 h4 44. Rh3 Rf2+ 45. Ke4 Rg2 46. Rxa5 Rxg5 47. Kf4 Rg1 48. Ra2 Rf1+ 49. Ke4 Rg1 50.
Rah2 Rg4+ 51. Kf3 Rg5 52. Kf4 Rgh5 53. Rg2+ Kf8 54. d6 Ke8 55. Rc2 Kd7 56. Rc7+ Ke8 57.
Rc8+ Kd7 58. Rxh8 Rxh8 59. Kf5 Rh6 60. Kg5 Re6 61. Kf5 Rh6 62. e4 Ke8 63. e6 Rxe6 64. e5 Rh6 65. Kg5 Re6 66. Kf4 Rh6 67. Kg4 Kd7 68.
Rxh4 Rg6+ 69. Kf5 Rg1 70. Rf4 Rg6 71. Ra4 1-0

[Event "Late-Titled-Tuesday-Blitz-May-07-2024"]
[Site "Chess.com"]
[Date "2024.05.07"]
[Round "3"]
[White "stollenmonster"]
[Black "ubdip"]
[Result "1-0"]
[WhiteElo "2863"]
[BlackElo "2520"]
[TimeControl "180+1"]
[EndTime "14:29:03 PDT"]
[Termination "stollenmonster won on time"]

1. e4 c5 2. Nf3 Nc6 3. Nc3 e6 4. d4 cxd4 5. Nxd4 Qb6 6. Nb3 Nf6 7. Be3 Qc7 8. g3 a6 9. Bg2 b5 10. O-O Bb7 11. Re1 Be7 12. Nd5 exd5 13. exd5 Nxd5 14. Qxd5 O-O 15. Bf4 d6 16. Rxe7 Qxe7 17. Bxd6 Qe2 18. Bxf8 Rxf8 19. Nc5 Ba8 20. Qd1 Qc4 21. Nb3 Rd8 22.
Qf1 Qxf1+ 23. Kxf1 Nb4 24. Bxa8 Rxa8 25. c3 Nd3 26. Rb1 Re8 27. Nd4 g6 28. b3 Kg7 29. Rd1 Nc5 30. Re1 Rc8 31. Re7 Kf6 32. Re3 Nd7 33. Ke2 h5 34. h3 Ne5 35. f4 Nd7 36. g4 hxg4 37. hxg4 Nb6 38. g5+ Kg7 39. Kd2 Nd5 40. Rf3 Rh8 41. c4 bxc4 42. bxc4 Nb6 43.
c5 Rh2+ 44. Kd3 Nd5 45. f5 gxf5 46. Rxf5 Nb4+ 47. Kc4 Nxa2 48. c6 Rh8 49. Ra5 Nc1 50. Ra1 Kg6 51. Rxc1 Kxg5 52. c7 f5 53. Kd5 f4 54.
c8=Q 1-0

[Event "Late-Titled-Tuesday-Blitz-May-07-2024"]
[Site "Chess.com"]
[Date "2024.05.07"]
[Round "3"]
[White "Chessbard1972"]
[Black "RichardLeyvaP"]
[Result "1-0"]
[WhiteElo "2335"]
[BlackElo "2599"]
[TimeControl "180+1"]
[EndTime "14:29:03 PDT"]
[Termination "Chessbard1972 won on time"]

1. e4 e5 2. Nf3 Nc6 3. Bb5 a6 4. Ba4 Nf6 5. d3 d6 6. h3 Be7 7.
c3 O-O 8. O-O Re8 9. Re1 Bf8 10.
Nbd2 b5 11. Bb3 Na5 12. Bc2 c5 13. Nf1 h6 14. Ng3 Qc7 15. d4 cxd4 16. cxd4 Nc6 17. Bb3 Na5 18. Bc2 Nc6 19. Be3 Bd7 20. Rc1 Qb7 21. a3 Rac8 22. Bb3 Na5 23. Ba2 Rxc1 24. Qxc1 exd4 25. Bxd4 Be6 26. Bxe6 Rxe6 27. Qf4 Nb3 28.
Bc3 Nc5 29. Bxf6 Nd3 30. Qe3 Nxe1 31. Bd4 Nxf3+ 32. Qxf3 Qc6 33. Kh2 g6 34. h4 h5 35.
Nf5 Qxe4 36. Qc3 Qxf5 37. g3 Qe4 38. Bh8 d5 39. Bd4 Re8 40. Be3 Qf3 41. Qc6 Rxe3 42. fxe3 Qf2+ 43. Kh3 Qf1+ 44. Kh2 Qe2+ 45. Kh3 Qxe3 46.
Qxd5 1-0

[Event "Late-Titled-Tuesday-Blitz-May-07-2024"]
[Site "Chess.com"]
[Date "2024.05.07"]
[Round "3"]
[White "kingofthenil"]
[Black "cristianserban1"]
[Result "1/2-1/2"]
[WhiteElo "2870"]
[BlackElo "2638"]
[TimeControl "180+1"]
[EndTime "14:29:04 PDT"]
[Termination "Game drawn - insufficient material"]

1. g3 Nf6 2. Bg2 d5 3. Nf3 c6 4. O-O Bg4 5. d3 Nbd7 6. Nbd2 e5 7. e4 dxe4 8. dxe4 h6 9. h3 Be6 10. Qe2 Qc7 11. Nc4 Bc5 12. Bd2 O-O 13. Bc3 Bxc4 14. Qxc4 Rfe8 15. a4 b5 16. axb5 cxb5 17. Qxb5 Nxe4 18.
Ba5 Bb6 19. Bxb6 Nxb6 20. Nh4 Nd6 21. Qc6 Rac8 22. Qxc7 Rxc7 23. Rfd1 Re6 24. c3 e4 25.
g4 g5 26. Nf5 Nxf5 27. gxf5 Re5 28. f6 Kh7 29. Re1 Kg6 30. Rxe4 Rxe4 31. Bxe4+ Kxf6 32. Ra5 Nc4 33. Rf5+ Kg7 34. Rb5 Nd6 35. Rb4 a5 36. Rd4 Nxe4 37. Rxe4 Rb7 38. Re2 f5 39. Kf1 Kf6 40. Ke1 a4 41. Kd1 a3 42. bxa3 Rb3 43. Kc2 Rxa3 44. Kd3 h5 45. Kd4 h4 46. f3 g4 47.
fxg4 fxg4 48. hxg4 Kg5 49. Re8 Kxg4 50. Rg8+ Kf3 51.
Rh8 Kg3 52. c4 h3 53. c5 h2 54. Kd5 Kg2 55. Rxh2+ Kxh2 56. c6 Rc3 57. Kd6 Kg3 58.
c7 Kf4 59. Kd7 Ke5 60. c8=Q Rxc8 61. Kxc8 1/2-1/2

[Event "Late-Titled-Tuesday-Blitz-May-07-2024"]
[Site "Chess.com"]
[Date "2024.05.07"]
[Round "3"]
[White "shirovin"]
[Black "cthulhuuu"]
[Result "1-0"]
[WhiteElo "2099"]
[BlackElo "2529"]
[TimeControl "180+1"]
[EndTime "14:29:04 PDT"]
[Termination "shirovin won on time"]

1. e4 d6 2. d4 Nf6 3. Nc3 c6 4. f3 b5 5. a3 e5 6. Be3 Be7 7.
dxe5 dxe5 8. Qxd8+ Kxd8 9. O-O-O+ Kc7 10. g4 a5 11. Nge2 Be6 12. Ng3 g6 13. g5 Nfd7 14.
f4 b4 15. Nb1 Bc5 16. Bxc5 Nxc5 17. f5 Ba2 18. Nd2 Rd8 19. Bc4 Rxd2 20. Bxa2 Rxd1+ 21. Rxd1 b3 22. Bxb3 Nxb3+ 23. cxb3 Na6 24. Rf1 Nc5 25. Kc2 Rb8 26. fxg6 fxg6 27. Rf3 Kd6 28. Rc3 Ne6 29. h4 Nd4+ 30. Kd3 Nxb3 31. Ke3 Nd4 32. Ne2 Nxe2 33. Kxe2 Rxb2+ 34. Ke3 Rh2 35. Rd3+ Ke7 36. Rc3 Rh3+ 37. Kd2 Rxc3 38. Kxc3 Kd6 39. Kc4 Kc7 40. Kc5 Kb7 41.
Kd6 Kb6 42. Kxe5 c5 43. Kd5 Kb5 44. e5 c4 45. e6 c3 46. e7 c2 47. e8=Q+ Kb6 48.
Qc8 a4 49. Qxc2 1-0

[Event "Late-Titled-Tuesday-Blitz-May-07-2024"]
[Site "Chess.com"]
[Date "2024.05.07"]
[Round "3"]
[White "Romkachess"]
[Black "almaguerjm"]
[Result "1-0"]
[WhiteElo "2615"]
[BlackElo "2403"]
[TimeControl "180+1"]
[EndTime "14:29:05 PDT"]
[Termination "Romkachess won by resignation"]

1. e4 e5 2. d4 exd4 3. Qxd4 Nc6 4. Qe3 b6 5. Nc3 Bb4 6. Bd2 Nge7 7. O-O-O O-O 8. h4 f5 9. Bc4+ Kh8 10. h5 f4 11.
Qe1 Ne5 12. Bb3 N7c6 13. h6 gxh6 14. a3 Be7 15. Nd5 Bg5 16. Nf3 Nxf3 17. gxf3 Ne5 18. Bc3 d6 19. Bxe5+ dxe5 20. Nxb6 Qe7 21. Nxa8 Bb7 22.
Qb4 c5 23. Qa4 Bxa8 24. Rd7 Qe8 25. Qxa7 Qg6 26. Bf7 Qf6 27. Bd5 Bxd5 28. Rxh7+ Kg8 29. exd5 e4 30. fxe4 f3+ 31. Kb1 Qg6 32. Rd7 Re8 33. Re1 c4 34. Qc7 Bd2 35. Rd1 c3 36. Qc6 Qxe4 37.
Rg1+ Bg5 38. Rd6 Kf7 39. Re6 Rxe6 40. dxe6+ Qxe6 41. Qxe6+ Kxe6 42. bxc3 Kd5 43. Rd1+ Kc4 44. Kb2 Bh4 45. Rd3 Bxf2 46. Rxf3 Bc5 47. a4 Be7 48. Rh3 Bg5 49. Ka3 Be7+ 50. Kb2 Bg5 51. Rg3 Bd2 52. Rg4+ Kc5 53. Kb3 Be3 54. Rc4+ Kb6 55.
Re4 Bf2 56. Re5 Bg3 57. Rh5 Bf4 58. Kc4 Ka6 59. Kb4 Bg5 60. c4 Bd2+ 61. c3 Bg5 62. a5 Bd8 63. Rd5 Bg5 64. Rd6+ Ka7 65. Kb5 Be7 66. Rd7+ 1-0